 Dungeon Sprint DCSS version 0.30-a0-965-g42e074c17a (webtiles) character file.

Game seed: 8498960892617148055

3969 fozzywoppz the Brawler (level 10, -1/110 HPs)
             Began as a Troll Monk on Mar 30, 2023.
             Was a Priest of Jiyva.
             Slain by a skyshark (28 damage)
             ... in the Dungeon (Sprint IX: "|||||||||||||||||||||||||||||").
             The game lasted 00:02:21 (306 turns).

fozzywoppz the Brawler (Troll Monk)                  Turns: 306, Time: 00:02:21

Health: -1/110     AC:  4    Str: 25    XL:     10   Next: 2%
Magic:  9/9        EV: 14    Int:  9    God:    Jiyva [***...]
Gold:   16         SH:  0    Dex: 15    Spells: 9/9 levels left

rFire   . . .      SeeInvis .      - Unarmed
rCold   . . .      Faith    .    (no shield)
rNeg    . . .      Spirit   .    a - +0 robe
rPois   .          Reflect  .    (helmet restricted)
rElec   .          Rampage  .    (no cloak)
rCorr   +          NoTele   +    (gloves unavailable)
Will    .....                    (boots unavailable)
Stlth   ++                       (no amulet)
HPRegen 2.30/turn                l - +3 ring of dexterity
MPRegen 0.46/turn                m - +3 ring of intelligence

@: lethally poisoned (-1 -> -2)
A: large, unfitting armour, claws 3, regeneration 1, shaggy fur 1, tough skin 1
a: Renounce Religion, Oozemancy


You were in the Dungeon.
You worshipped Jiyva.
Jiyva was most pleased with you.
You visited 1 branch You collected 16 gold pieces.

Inventory:

Armour
 a - a +0 robe (worn)
Jewellery
 l - a +3 ring of dexterity (left claw)
 m - a +3 ring of intelligence (right claw)
Wands
 k - a wand of acid (5)
Scrolls
 h - 3 scrolls of blinking
 j - 2 scrolls of amnesia
 n - 2 scrolls of fear
 o - 2 scrolls of enchant weapon
 p - a scroll of identify
Potions
 b - a potion of ambrosia
 c - a potion of invisibility
 d - 8 potions of heal wounds
 e - a potion of might
 f - 4 potions of magic
 g - a potion of berserk rage
 i - 4 potions of curing
 q - a potion of mutation


   Skills:
 - Level 10.0 Fighting
 - Level 10.0 Dodging
 - Level 1.0 Stealth
 + Level 17.3 Unarmed Combat


You had 9 spell levels left.
You didn't know any spells.
Your spell library contained the following spells:

 Spells                   Type           Power      Damage    Failure   Level
 Beastly Appendage        Tmut           0%         N/A       38%         1
 Wereblood                Tmut           0%         N/A       52%         2
 Spider Form              Tmut/Pois      0%         N/A       77%         3


Dungeon Overview and Level Annotations

Branches:
Dungeon (1/1)

Altars:
Cheibriados
Dithmenos
Elyvilon
Fedhas
Gozag
Hepliaklqana
Kikubaaqudgha
Makhleb
Nemelex Xobeh
Okawaru
Qazlal
Ru
Sif Muna
Trog
Uskayaw
Vehumet
Wu Jian
Xom
Yredelemnul
Zin
The Shining One
Jiyva
Lugonu


Innate Abilities, Weirdness & Mutations

You are too large for most types of armour.
You have claws for hands.
Your natural rate of healing is unusually fast.
You are covered in fur. (AC +1)
You have tough skin. (AC +1)


Message History

You claw the black mamba, but do no damage.
The black mamba is almost dead.
You feel very sick. The black mamba barely misses you.
You eviscerate the black mamba!!!
You kill the black mamba!
You feel very sick.
Your Unarmed Combat skill increases to level 16!
Unknown command.
You mangle the cane toad!! You claw the cane toad!
You kill the cane toad!
You feel very sick.
You mangle the water moccasin!!
The water moccasin is severely wounded.
You feel very sick. The water moccasin closely misses you.
You claw the water moccasin!
You kill the water moccasin!
You feel sick.
Your Unarmed Combat skill increases to level 17!
You eviscerate the wyvern!!!
You kill the wyvern!
You feel very sick.
You have reached level 10!
You scratch the skyshark.
The skyshark is lightly wounded.
You feel sick. The skyshark barely misses you.
The skyshark tail-slaps you but does no damage.
The skyshark closely misses you.
You mangle the skyshark!!
The skyshark is moderately wounded.
You feel sick. The skyshark bites you!
* * * LOW HITPOINT WARNING * * *
The skyshark tastes blood and grows stronger!
The skyshark tail-slaps you.
* * * LOW HITPOINT WARNING * * *
The skyshark closely misses you.
Okay, then.
You feel much better.
You feel sick. The skyshark bites you!!
You die...

▓▓▓▓▓▓▓▓▓▓▓▓▓▓▓▓▓▓▓▓▓▓▓▓▓▓▓▓▓▓▓▓▓
'†....')....'____________________
▓▓▓▓▓▓▓▓▓▓▓▓▓▓▓▓▓▓▓▓▓▓▓▓▓▓▓▓▓▓▓▓▓
.................................
▓▓▓▓▓▓▓▓▓▓▓▓▓▓▓▓▓▓▓▓▓▓▓▓▓▓▓▓▓▓▓▓▓
...'......|.....@ll.....
▓▓▓▓▓▓▓▓▓▓▓▓▓▓▓▓▓▓▓▓▓▓▓▓


You could see a skyshark (strong) and a basilisk.

Vanquished Creatures
  A centaur warrior (D)
  A tengu warrior (D)
  A cyclops (D)
  A manticore (D)
  A black mamba (D)
  A cane toad (D)
  An unseen horror (D)
  2 trolls (D)
  A shadow (D)
  A wyvern (D)
  A water moccasin (D)
  A centaur (D)
  2 bullfrogs (D)
  A scorpion (D)
  A killer bee (D)
  2 iguanas (D)
  An orc wizard (D)
  An adder (D)
  An orc (D)
  An endoplasm (D)
  4 hobgoblins (D)
27 creatures vanquished.

Vanquished Creatures (others)
  A great orb of eyes (D)
  A boggart (D)
  An orc wizard (D)
3 creatures vanquished.

Grand Total: 30 creatures vanquished

Notes
Turn   | Place    | Note
-------+----------+-------------------------------------------
     0 | D        | fozzywoppz the Troll Monk began the quest for the Orb.
     0 | D        | Reached XP level 1. HP: 22/22 MP: 0/0
    20 | D        | Noticed an iguana
    20 | D        | Noticed an iguana
    20 | D        | Noticed a scorpion
    24 | D        | Reached skill level 4 in Unarmed Combat
    24 | D        | Reached XP level 2. HP: 31/31 MP: 1/1
    27 | D        | Reached XP level 3. HP: 21/39 MP: 2/2
    30 | D        | Reached skill level 5 in Unarmed Combat
    31 | D        | Reached XP level 4. HP: 16/49 MP: 3/3
    39 | D        | Killed a scorpion
    40 | D        | Reached skill level 5 in Fighting
    40 | D        | Reached skill level 5 in Dodging
    40 | D        | Reached skill level 6 in Unarmed Combat
    47 | D        | Found a snail-covered altar of Cheibriados.
    47 | D        | Found a shadowy altar of Dithmenos.
    47 | D        | Found a white marble altar of Elyvilon.
    47 | D        | Found a blossoming altar of Fedhas.
    47 | D        | Found an opulent altar of Gozag.
    48 | D        | Found a hazy altar of Hepliaklqana.
    49 | D        | Found a viscous altar of Jiyva.
    50 | D        | Found an ancient bone altar of Kikubaaqudgha.
    51 | D        | Found a corrupted altar of Lugonu.
    52 | D        | Found a burning altar of Makhleb.
    53 | D        | Found a sparkling altar of Nemelex Xobeh.
    54 | D        | Found an iron altar of Okawaru.
    55 | D        | Found a stormy altar of Qazlal.
    56 | D        | Found a sacrificial altar of Ru.
    57 | D        | Became a worshipper of Jiyva Jypetson the Shapeless
    57 | D        | Reached * piety under Jiyva
    57 | D        | Reached ** piety under Jiyva
    57 | D        | Killed a boggart
    58 | D        | Found a shimmering blue altar of Sif Muna.
    59 | D        | Found a bloodstained altar of Trog.
    60 | D        | Found a hide-covered altar of Uskayaw.
    61 | D        | Found a radiant altar of Vehumet.
    62 | D        | Found an ornate altar of the Wu Jian Council.
    63 | D        | Found a shimmering altar of Xom.
    64 | D        | Found a basalt altar of Yredelemnul.
    65 | D        | Found a glowing silver altar of Zin.
    65 | D        | Killed a great orb of eyes
    66 | D        | Found a glowing golden altar of the Shining One.
    92 | D        | Noticed a troll
    92 | D        | Noticed a shadow
    92 | D        | Noticed a centaur
    94 | D        | Killed a shadow
    95 | D        | Reached skill level 8 in Unarmed Combat
    95 | D        | Reached XP level 5. HP: 61/61 MP: 4/4
    95 | D        | Reached XP level 6. HP: 68/68 MP: 5/5
    96 | D        | Killed a troll
    97 | D        | Reached skill level 9 in Unarmed Combat
    97 | D        | Reached XP level 7. HP: 75/79 MP: 6/6
   115 | D        | Noticed a tengu warrior
   115 | D        | Noticed a manticore
   115 | D        | Noticed a cyclops
   115 | D        | Noticed a centaur warrior
   115 | D        | Noticed a troll
   121 | D        | Killed a tengu warrior
   122 | D        | Reached skill level 11 in Unarmed Combat
   122 | D        | Reached XP level 8. HP: 71/92 MP: 7/7
   126 | D        | Killed a manticore
   129 | D        | Killed a cyclops
   130 | D        | Reached skill level 10 in Fighting
   130 | D        | Reached skill level 10 in Dodging
   130 | D        | Reached skill level 12 in Unarmed Combat
   134 | D        | Killed a centaur warrior
   135 | D        | Reached skill level 14 in Unarmed Combat
   135 | D        | Reached XP level 9. HP: 81/101 MP: 8/8
   139 | D        | Killed a troll
   140 | D        | Reached skill level 15 in Unarmed Combat
   147 | D        | Killed an unseen horror
   201 | D        | Reached *** piety under Jiyva
   284 | D        | Noticed a black mamba
   284 | D        | Noticed a cane toad
   288 | D        | Noticed a skyshark
   299 | D        | Killed a black mamba
   300 | D        | Reached skill level 16 in Unarmed Combat
   300 | D        | Killed a cane toad
   303 | D        | Reached skill level 17 in Unarmed Combat
   304 | D        | Reached XP level 10. HP: 31/110 MP: 9/9
   306 | D        | Slain by a skyshark

Illustrated notes

Levels and vault maps discovered:
D:        linesprint [early_d, line_temple, items_1, d_10, items_2, lair_1,
          lair_end, items_3, orc_1, orc_end, items_4, d_15, swamp_1, shoals_1,
          snake_1, spider_1, d_20, vaults_1, items_5, swamp_end, shoals_end,
          snake_end, spider_end, vaults_end, d_27, items_6, zot_1, zot_end,
          crypt_end, forest_end, elf_end, slime_end, tomb_end, abyss_end,
          pan_hell_end]

Skill      XL: |  1  2  3  4  5  6  7  8  9 |
---------------+----------------------------+-----
Dodging        | 3 4 6 7 9 10 | 10.0
Fighting       | 3 4 6 7 9 10 | 10.0
Unarmed Combat | 4 5 8 9 11 14 17 | 17.3
Stealth        | |  1.0

Action                     |  1- 3 |  4- 6 |  7- 9 | 10-12 || total
---------------------------+-------+-------+-------+-------++-------
  Melee: Unarmed           |    19 |    10 |    50 |     2 ||    81
         Punch             |       |       |     4 |       ||     4
  Evoke: Wand              |       |     2 |     3 |       ||     5
    Use: Potion            |       |     1 |     1 |     1 ||     3
   Stab: Sleeping          |     1 |       |       |       ||     1
 Armour: Robe              |     1 |     1 |     6 |     1 ||     9
  Dodge: Dodged            |     3 |     6 |    23 |     3 ||    35

Table legend: (Time is in decaauts)
 A = Elapsed time spent in this place.
 B = Non-inter-level travel time spent in this place.
 C = Inter-level travel time spent in this place.
 D = Time resting spent in this place.
 E = Time spent auto-exploring this place.
 F = Levels seen in this place.
 G = Mean time per level.
                   A        B        C        D        E       F      G
               +--------+--------+--------+--------+--------+-----+--------+
         Total |    276 |    276 |      0 |      6 |      0 |   1 |  276.0 |
       Dungeon |    276 |    276 |      0 |      6 |      0 |   1 |  276.0 |
               +--------+--------+--------+--------+--------+-----+--------+

Top non-repeatable levels by time:
       D: 276 daAuts
